 Dungeon Crawl Stone Soup version 0.28.0 (webtiles) character file.

Game seed: 4149958823806814118

40 porpoise the Insei (level 3, -4/27 HPs)
             Began as a Demonspawn Transmuter on Feb 13, 2022.
             Slain by a gnoll (5 damage)
             ... on level 2 of the Dungeon.
             The game lasted 00:05:17 (1380 turns).

porpoise the Insei (Demonspawn Transmuter)          Turns: 1380, Time: 00:05:18

Health: -4/27      AC:  2    Str: 12    XL:     3   Next: 30%
Magic:  0/6        EV: 12    Int: 14    God:
Gold:   54         SH:  0    Dex: 13    Spells: 5/6 levels left

rFire   . . .      SeeInvis .   a - +0 short sword
rCold   . . .      Faith    .   (no shield)
rNeg    . . .      Spirit   .   h - +0 robe
rPois   .          Reflect  .   (helmet currently unavailable)
rElec   .          Harm     .   (no cloak)
rCorr   .          Rampage  .   (no gloves)
Will    .....                   (boots currently unavailable)
Stlth   ++........              (no amulet)
HPRegen 0.09/turn               (no ring)
MPRegen 0.10/turn               (no ring)

@: appendages (expiring)
A: horns 2, talons 2, weakness stinger 1
a: End Transformation


You were on level 2 of the Dungeon.
You had temporarily grown beastly horns and talons.
You visited 1 branch of the dungeon, and saw 2 of its levels.

You collected 54 gold pieces.

Inventory:

Hand Weapons
 a - a +0 short sword (weapon)
 b - a +0 hunting sling
Missiles
 c - 16 stones
 e - 27 sling bullets
Armour
 h - a +0 robe (worn)
Scrolls
 d - a scroll of teleportation {unknown}
 g - 4 scrolls of identify {unknown}
 i - a scroll of brand weapon {unknown}
 j - a scroll of blinking {unknown}
Potions
 f - a potion of attraction {unknown}
 k - a potion of curing {unknown}


   Skills:
 * Level 2.2 Fighting
 + Level 0.3 Short Blades
 - Level 1.7 Dodging
 + Level 1.1 Stealth
 - Level 3.1 Unarmed Combat
 - Level 2.0 Spellcasting
 - Level 1.7 Transmutations


You had 5 spell levels left.
You knew the following spells:

 Your Spells              Type           Power      Damage    Failure   Level
a - Beastly Appendage     Tmut           12%        N/A       12%         1

Your spell library contained the following spells:

 Spells                   Type           Power      Damage    Failure   Level
 Wereblood                Tmut           6%         N/A       17%         2
 Sublimation of Blood     Necr           1%         N/A       34%         2
 Spider Form              Tmut/Pois      3%         N/A       45%         3
 Ice Form                 Ice/Tmut       3%         N/A       86%         4
 Summon Hydra             Summ           0%         N/A       100%        7


Dungeon Overview and Level Annotations

Branches:
Dungeon (2/15)

Altars:


Innate Abilities, Weirdness & Mutations

You have temporarily grown beastly horns and talons.
You have a small tail.


Message History

The bat barely misses you. The endoplasm barely misses you.
A gnoll comes into view. It is wielding a +0 spear.
A gnoll comes into view. It is wielding a +2 antimagic spear.
You barely miss the endoplasm.
The gnoll shouts! x2
You punch the endoplasm.
The endoplasm is moderately wounded.
You hear a shout!
The bat closely misses you.
The endoplasm hits you but does no damage.
You hit the endoplasm.
You kill the endoplasm!
The bat misses you.
You closely miss the bat. Your kick misses the bat.
You headbutt the bat, but do no damage. The bat closely misses you.
A gnoll comes into view. It is wielding a +0 spear.
You barely miss the bat. You claw the bat, but do no damage.
Your transformation is almost over.
The bat misses you. The bat closely misses you.
A gnoll comes into view. It is wielding a +0 flail.
You miss the bat.
The gnoll shouts!
You hear an angry hiss.
The bat hits you but does no damage. The gnoll closely misses you.
The bat misses you.
The gnoll hits you from afar with a +2 antimagic spear.
You feel your power leaking away.
There is a stone staircase leading up here.
You barely miss the gnoll. You tail-slap the gnoll.
The gnoll is lightly wounded.
The bat closely misses you.
A ball python comes into view.
The gnoll hits you from afar with a +2 antimagic spear!
You feel your power leaking away. The gnoll hits you with a +0 spear.
* * * LOW HITPOINT WARNING * * *
The bat hits you but does no damage. The gnoll closely misses you.
The gnoll hits you from afar with a +2 antimagic spear!
* * * LOW HITPOINT WARNING * * *
The gnoll hits you with a +0 spear.
You die...

#< #. ##. ..#
..########
#.........
##)....####
..###..........
.......@.g.....
.......gb......
..##^...gg.....
. #...........
#...........
#.......S...
#..........#
#..........#


You could see 4 gnolls, a bat and a ball python.

Vanquished Creatures
  A dart slug (D:1)
  2 ball pythons (D:1)
  4 endoplasms
  3 giant cockroaches (D:1)
  5 goblins
  3 hobgoblins (D:1)
  6 kobolds (D:1)
  A quokka (D:1)
  6 bats (D:1)
  A frilled lizard (D:1)
  2 rats (D:1)
34 creatures vanquished.

Notes
Turn   | Place    | Note
-------+----------+-------------------------------------------
     0 | D:1      | porpoise the Demonspawn Transmuter began the quest for the
                  | Orb.
     0 | D:1      | Reached XP level 1. HP: 15/15 MP: 3/3
   374 | D:1      | Discovered your monstrous ancestry.
   374 | D:1      | Gained mutation: You have a small tail. [demonic ancestry]
   374 | D:1      | Reached XP level 2. HP: 21/21 MP: 3/5
   407 | D:1      | Reached skill level 3 in Unarmed Combat
   621 | D:1      | Found a faded altar of an unknown god.
   782 | D:1      | Reached skill level 1 in Stealth
   933 | D:1      | Reached XP level 3. HP: 22/27 MP: 6/6
  1380 | D:2      | HP: 1/27 [gnoll (7)]
  1380 | D:2      | Slain by a gnoll

Illustrated notes

Levels and vault maps discovered:
D:1:      dpeg_arrival_stonehenge_8_columns, layout_basic,
          hellmonk_ecumenical_altar_pennies_from_heaven, minmay_unequal
D:2:      layout_rooms, basic_altar, uniq_terence

Skill      XL: |  1  2 |
---------------+-------+-----
Unarmed Combat | 3 |  3.1
Fighting       | 2 |  2.2
Stealth        | 1 |  1.1
Short Blades   | |  0.3
Dodging        | |  1.7
Spellcasting   | |  2.0
Transmutations | |  1.7

Action                   || total
-------------------------++-------
Melee: Unarmed           ||    39
       Kick              ||    19
       Headbutt          ||    11
       Short sword       ||    49
       Tailslap          ||     6
       Punch             ||     1
 Fire: Hunting sling     ||     2
 Cast: Beastly Appendage ||    18
Armor: Robe              ||    22
Dodge: Dodged            ||    51
